 Dungeon Crawl Stone Soup version 0.22-a0-254-gaf95ca0 (webtiles) character file.

42 RoseArtemis the Covered (level 3, -2/33 HPs)
             Began as a Minotaur Fighter on Mar 4, 2018.
             Slain by Crazy Yiuf
             ... wielding a +4 quarterstaff of chaos
              (8 damage)
             ... on level 2 of the Dungeon.
             The game lasted 00:03:56 (1674 turns).

RoseArtemis the Covered (Minotaur Fighter)          Turns: 1674, Time: 00:03:56

Health: -2/33      AC:  8    Str: 26    XL:     3   Next: 33%
Magic:  2/2        EV:  7    Int:  5    God:
Gold:   64         SH:  0    Dex:  9    Spells: 2/2 levels left

rFire    . . .     SeeInvis .   a - +0 war axe
rCold    . . .     Gourm    .   c - +0 shield
rNeg     . . .     Faith    .   b - +0 scale mail
rPois    .         Spirit   .   (helmet restricted)
rElec    .         Reflect  .   (no cloak)
rCorr    .         Harm     .   (no gloves)
MR       .....                  o - +0 pair of boots
Stlth    ..........             (no amulet)
HPRegen  0.11/turn              (no ring)
MPRegen  0.08/turn              (no ring)

@: confused, mighty
A: retaliatory headbutt, horns 2
a: no special abilities


You were on level 2 of the Dungeon.
You were not hungry.

You visited 1 branch of the dungeon, and saw 2 of its levels.

You collected 64 gold pieces.

Inventory:

Hand Weapons
 a - a +0 war axe (weapon)
Armour
 b - a +0 scale mail (worn)
 c - a +0 shield (worn)
 o - a +0 pair of boots (worn)
Jewellery
 g - an uncursed ring of resist corrosion {unknown}
 j - an uncursed ring of positive energy {unknown}
Scrolls
 h - a scroll of immolation {unknown}
 l - 4 scrolls of teleportation {unknown}
 m - 2 scrolls of fear {unknown}
 n - a scroll of remove curse {unknown}
 p - a scroll of enchant armour {unknown}
Potions
 e - a potion of invisibility {unknown}
 i - a potion of berserk rage {unknown}
 k - a potion of heal wounds {unknown}
 r - a potion of haste {unknown}
Comestibles
 f - 2 rations


   Skills:
 + Level 4.0 Fighting
 * Level 3.4 Axes
 + Level 4.0 Armour
 + Level 4.0 Shields


You had 2 spell levels left.
You didn't know any spells.

Dungeon Overview and Level Annotations

Branches:
Dungeon (2/15)

Altars:
Xom

Annotations:
D:2 Crazy Yiuf


Innate Abilities, Weirdness & Mutations

You reflexively headbutt those who attack you in melee.
You have a pair of horns on your head.


Message History

Crazy Yiuf is moderately wounded.
Crazy Yiuf hits you with a quarterstaff of chaos.
You hit Crazy Yiuf but do no damage.
Crazy Yiuf is moderately wounded.
Crazy Yiuf whimpers, "Cards!
Flower aubergine green."
Crazy Yiuf hits you with a quarterstaff of chaos!
Crazy Yiuf hits you with a quarterstaff of chaos.
Crazy Yiuf freezes you.
You are too injured to fight recklessly!
You are too injured to fight recklessly!
You closely miss Crazy Yiuf.
Crazy Yiuf is moderately wounded.
Crazy Yiuf hits you with a quarterstaff of chaos!
* * * LOW HITPOINT WARNING * * *
You are confused.
Wield which item (- for none, * to show all)? (? for menu, Esc to quit)
Okay, then.
You feel very mighty all of a sudden.
Crazy Yiuf hits you with a quarterstaff of chaos!
You die...

##########
#........#
#.########
#####
#.########
#..)#
###.#......#
#...#
....#.######
#.g.#
##..#.# #@#
#..#.# ♣♣.♣
#..#.# ♣.♣♣
#..#.# ♣♣.♣
#..#.# ♣.♣♣
#..#.# ♣♣.♣♣
##..#.#
♣.PP♣♣
......#
♣P.P.♣
##..###
#....#


You could see Crazy Yiuf.

Vanquished Creatures
  An adder (D:2)
  4 worms (D:2)
  A giant cockroach (D:2)
  A goblin (D:1)
  5 hobgoblins
  A ball python (D:2)
  2 bats (D:2)
  3 kobolds
  6 rats
24 creatures vanquished.

Notes
Turn   | Place    | Note
-------+----------+-------------------------------------------
     0 | D:1      | RoseArtemis the Minotaur Fighter began the quest for the Orb.
     0 | D:1      | Reached XP level 1. HP: 19/19 MP: 0/0
   272 | D:1      | Reached XP level 2. HP: 27/27 MP: 1/1
   932 | D:2      | Found a shimmering altar of Xom.
   932 | D:2      | Found a shimmering altar of Xom.
   934 | D:2      | Found a shimmering altar of Xom.
  1037 | D:2      | Found a runed door.
  1059 | D:2      | Found a shimmering altar of Xom.
  1060 | D:2      | Found a shimmering altar of Xom.
  1112 | D:2      | Reached XP level 3. HP: 30/33 MP: 2/2
  1262 | D:2      | Found a faded altar of an unknown god.
  1668 | D:2      | Noticed Crazy Yiuf
  1674 | D:2      | Slain by Crazy Yiuf

Vault maps used:
D:1:      lightli_arrival_statuegarden
D:2:      chequers_ecumenical_altar_simple_redux, xom_redecorated,
          uniq_crazy_yiuf_cottage

Skill      XL: |  1  2 |
---------------+-------+-----
Axes           | 3 |  3.4
Armour         | 4 |  4.0
Fighting       | 4 |  4.0
Shields        | 4 |  4.0

Action                   || total
-------------------------++-------
Melee: War axe           ||    69
       Headbutt          ||    13
  Use: Potion            ||     1
  Eat: Chunk             ||     2
Armor: Scale mail        ||    24
Dodge: Dodged            ||    20
Block: Shield            ||    20

Table legend:
 A = Spawn XP
 B = Non-spawn XP
 C = Spawn XP percentage of total XP
 D = Spawn monster count
 E = Non-spawn monster count
 F = Spawn count percentage of total count
 G = Total turns spent on level
                    A         B        C        D         E        F      G
               +---------+---------+-------+---------+---------+-------+---------
         Total |       0 |      60 |   0.0 |       0 |      24 |   0.0 |  1674
               +---------+---------+-------+---------+---------+-------+---------
           D:1 |       0 |      13 |   0.0 |       0 |       9 |   0.0 |   624
           D:2 |       0 |      47 |   0.0 |       0 |      15 |   0.0 |  1050
               +---------+---------+-------+---------+---------+-------+---------
